 Dungeon Crawl Stone Soup version 0.31-a0-538-gbc85326fa9 (webtiles) character file.

Game seed: 11926216316632998112

357 LeprechaunX the Ruffian (level 6, -3/41 HPs)
             Began as an Octopode Shapeshifter on Aug 14, 2023.
             Slain by an orc wizard
             ... wielding a +0 dagger
              (5 damage)
             ... on level 3 of the Dungeon.
             The game lasted 00:02:45 (2104 turns).

LeprechaunX the Ruffian (Octopode Shapeshifter)     Turns: 2104, Time: 00:02:46

Health: -3/41      AC:  1    Str: 17    XL:     6   Next: 64%
Magic:  0/6        EV: 14    Int: 10    God:
Gold:   105        SH:  0    Dex: 12    Spells: 5/5 levels left

rFire   + .          .
                       - Unarmed
rCold   . . .        (no shield)
rNeg    . . .        (helmet currently unavailable)
rPois   .            n - amulet of guardian spirit
rElec   .            i - ring of protection from fire
rCorr   .            (no ring)
SInv    .            (no ring)
Will    .....        (no ring)
Stlth   ++           (no ring)
HPRegen 0.26/turn    (no ring)
MPRegen 0.10/turn    (no ring)
                     (no ring)

%: guardian spirit
@: beast-form
A: beast (slay +2), almost no armour, amphibious, 8 rings, camouflage 1,
gelatinous body 1, (nimble swimmer 1), tentacles
a: Begin Untransformation


You were on level 3 of the Dungeon.
You were a hulking beast.
You visited 1 branch of the dungeon, and saw 3 of its levels.

You collected 105 gold pieces.

Inventory:

Hand Weapons
 u - a +0 sling
Jewellery
 i - a ring of protection from fire (left tentacle)
 n - an amulet of guardian spirit (around mantle)
 p - a ring of protection from fire
Talismans
 b - a beast talisman (active)
 c - a flux talisman
Scrolls
 g - a scroll of fog {unknown}
 h - a scroll of poison {unknown}
 j - 3 scrolls of revelation {unknown}
 m - 3 scrolls of identify {unknown}
 o - a scroll of amnesia {unknown}
 q - a scroll of summoning {unknown}
 r - a scroll of teleportation {unknown}
 s - a scroll of blinking {unknown}
 t - a scroll of immolation {unknown}
Potions
 a - a potion of lignification
 d - a potion of attraction {unknown}
 e - 2 potions of degeneration {unknown}
 f - 2 potions of invisibility {unknown}
 k - 2 potions of curing {unknown}
 l - a potion of resistance {unknown}
 v - 2 potions of brilliance {unknown}


   Skills:
 + Level 2.9 Fighting
 + Level 3.4 Dodging
 * Level 5.0 Unarmed Combat
 + Level 1.1 Invocations
 + Level 3.8 Shapeshifting


You had 5 spell levels left.
You didn't know any spells.
Your spell library contained the following spells:

 Spells                   Type           Power      Damage    Failure   Level
 Magic Dart               Conj           0%         1d3       36%         1
 Searing Ray              Conj           0%         2d4       50%         2
 Volatile Blastmotes      Fire/Tloc      0%         2d10      75%         3
 Fulminant Prism          Conj/Hex       0%         3d5       98%         4
 Iskenderun's Mystic Bla  Conj/Tloc      0%         2d3       98%         4


Dungeon Overview and Level Annotations

Branches:
Dungeon (3/15)

Altars:

Shops:
D:1 :


Innate Abilities, Weirdness & Mutations

You are a hulking beast.
Your limbs bulge with bestial killing power. (Slay +2)
You cannot wear most types of armour.
You are amphibious.
You can wear up to eight rings at the same time.
Your skin changes colour to match your surroundings (Stealth+).
Your rubbery body absorbs attacks. (AC +1, EV +1)
((You are camouflaged when in or above water. (Stealth+)))
You have tentacles for arms and can constrict up to eight enemies at once.


Message History

You are confused.
You see here a +0 whip.
You bump into the rock wall.
The orc hits you from afar with a +0 trident!
* * * LOW HITPOINT WARNING * * *
You bump into the rock wall.
The orc misses you.
The orc wizard casts a spell.
The orc wizard flickers and vanishes!
Deactivating autopickup; reactivate with Ctrl-A.
The orc misses you.
You see here a +0 whip.
You're too confused to move!
The orc barely misses you.
You bump into the rock wall.
You feel less confused. The orc closely misses you.
The orc wizard gestures wildly while chanting.
The orc wizard flickers and vanishes!
You tentacle-slap the orc. You grab the orc. You squeeze the orc.
You kill the orc!
You miss something.
You hear some strange, mumbled words.
A magic dart appears from out of thin air!
The magic dart hits you.
* * * LOW HITPOINT WARNING * * *
You hear some strange, mumbled words.
You tentacle-slap something.
Reactivating autopickup.
You feel a bit more experienced.
Your Unarmed Combat skill increases to level 5!
Deactivating autopickup; reactivate with Ctrl-A.
You closely miss something. Something hits you.
* * * LOW HITPOINT WARNING * * *
You tentacle-slap something. You closely miss something. Something hits you.
* * * LOW HITPOINT WARNING * * *
You miss something. You squeeze something.
You hear some strange, mumbled words.
Something tries to affect you, but you resist.
You closely miss something. Something hits you.
You die...

#................#
#......#
#.###.(..........#
#......##
#............#
#........
#............#
#........
#####....)...#
#........
#!.......#
#######..
#......†.### #..
###+###....# #..
#.h))....# #..
#####....# ##.#
#...)...<## ##...
#.##........##..~.
.. #...?###....~~~
## #....# ###..~.
#....# ##...
#....# ##.# #....#
#..


There were no monsters in sight!

Vanquished Creatures
  Sigmund (D:2)
  2 orc wizards (D:3)
  Robin (D:2)
  3 adders
  A worm (D:3)
  3 dart slugs
  5 orcs (D:3)
  9 ball pythons
  10 bats
  2 endoplasms
  2 giant cockroaches (D:3)
  17 goblins
  4 hobgoblins (D:2)
  2 jackals (D:2)
  8 kobolds
  7 quokkas
  5 frilled lizards
  19 rats
101 creatures vanquished.

Notes
Turn   | Place    | Note
-------+----------+-------------------------------------------
     0 | D:1      | LeprechaunX the Octopode Shapeshifter began the quest for
                  | the Orb.
     0 | D:1      | Reached XP level 1. HP: 13/13 MP: 1/1
    97 | D:1      | Reached XP level 2. HP: 18/18 MP: 2/2
   338 | D:1      | Reached XP level 3. HP: 23/23 MP: 3/3
   558 | D:1      | Found Kuuwekh's Book Boutique.
   851 | D:2      | Noticed Sigmund
   870 | D:2      | Killed Sigmund
   871 | D:2      | Reached skill level 4 in Unarmed Combat
   871 | D:2      | Reached XP level 4. HP: 30/30 MP: 4/4
   871 | D:2      | Reached XP level 5. HP: 35/35 MP: 5/5
  1013 | D:2      | Noticed Robin
  1017 | D:2      | Killed Robin
  1025 | D:2      | Reached XP level 6. HP: 37/41 MP: 6/6
  1869 | D:3      | Reached skill level 1 in Invocations
  2100 | D:3      | Reached skill level 5 in Unarmed Combat
  2102 | D:3      | HP: 1/41 [something (2)]
  2104 | D:3      | Slain by an orc wizard

Illustrated notes

Levels and vault maps discovered:
D:1:      roderic_crop_circles_arrival_small, layout_basic, serial_shops,
          nicolae_lakefront_shop
D:2:      layout_basic, uniq_sigmund, uniq_robin
D:3:      layout_basic, serial_rivers, chequers_serial_rivers_small_a,
          chequers_serial_rivers_micro_a, chequers_serial_rivers_large_b,
          chequers_serial_rivers_small_3, chequers_serial_rivers_room_a,
          amcnicky_mini_pool_small, minmay_rat_hole

Skill      XL: |  1  2  3  4  5  6 |
---------------+-------------------+-----
Fighting       | 2 |  2.9
Dodging        | 3 |  3.4
Unarmed Combat | 4 5 |  5.0
Invocations    | 1 |  1.1
Shapeshifting  | |  3.8

Action                     |  1- 3 |  4- 6 || total
---------------------------+-------+-------++-------
  Melee: Unarmed           |    71 |   109 ||   180
         Tentacles         |     8 |    18 ||    26
         Constrict         |    15 |    28 ||    43
         Punch             |     2 |     2 ||     4
   Stab: Sleeping          |     8 |     6 ||    14
 Armour: Skin              |     6 |     5 ||    11
  Dodge: Dodged            |    39 |    53 ||    92

Table legend: (Time is in decaauts)
 A = Elapsed time spent in this place.
 B = Non-inter-level travel time spent in this place.
 C = Inter-level travel time spent in this place.
 D = Time resting spent in this place.
 E = Time spent auto-exploring this place.
 F = Levels seen in this place.
 G = Mean time per level.
                   A        B        C        D        E       F      G
               +--------+--------+--------+--------+--------+-----+--------+
         Total |   2090 |   2035 |     55 |      5 |   1576 |   3 |  696.7 |
       Dungeon |   2090 |   2035 |     55 |      5 |   1576 |   3 |  696.7 |
               +--------+--------+--------+--------+--------+-----+--------+

Top non-repeatable levels by time:
     D:1: 830 daAuts
     D:2: 653 daAuts
     D:3: 605 daAuts
